 Dungeon Crawl Stone Soup version 0.31-a0-180-g519b7de00c (webtiles) character file.

Game seed: 9073474980018650469

140094 AiryTheDragon the Frost Mage (level 16, -2/119 HPs)
             Began as a Yellow Draconian Ice Elementalist on June 12, 2023.
             Was a High Priest of Qazlal.
             Slain by a +3 heavy battleaxe (38 damage)
             ... on level 3 of the Elven Halls on June 20, 2023.
             The game lasted 09:35:04 (25810 turns).

AiryTheDragon the Frost Mage (DrIE)                Turns: 25810, Time: 09:35:05

Health: -2/119     AC: 29    Str: 14    XL:     16   Next: 45%
Magic:  17/38      EV: 15    Int: 25    God:    Qazlal [*****.]
Gold:   819        SH: 13    Dex: 17    Spells: 1/34 levels left

rFire   . . .        h - +8 mithril axe "Arga" {speed, Will+}
rCold   + . .        d - +0 buckler
rNeg    + + .        (body armour unavailable)
rPois   .            L - +2 hat {SInv}
rElec   .            M - +2 cloak
rCorr   +            A - +1 pair of gloves
SInv    +            K - +0 pair of boots of the Tundras {rF+ rN++ MP+9 Dex+2}
Will    +++++        I - amulet of magic regeneration
Stlth   +            D - ring "Yvanaib" {rF- Will+ Str+2 Int+6 SInv}
HPRegen 0.39/turn    O - ring of willpower
MPRegen 0.66/turn

%: repel missiles
@: ice-armoured, short of breath, protected from physical damage, studying
Shields
A: spit acid, AC +9, unfitting armour, acidic bite, cold-blooded, acid
resistance, cold resistance 1, strong-willed 1, inability to read after injury 1
}: 1/15 runes: decaying
a: Breathe Acid, Renounce Religion, Upheaval, Elemental Force, Disaster Area


You were on level 3 of the Elven Halls.
You worshipped Qazlal.
Qazlal was extremely pleased with you.
You visited 8 branches of the dungeon, and saw 27 of its levels.
You also visited: Gauntlet.

You collected 2295 gold pieces.
You spent 1476 gold pieces at shops.

Inventory:

Hand Weapons
 h - the +8 mithril axe "Arga" (weapon) {speed, Will+}
   (You took it off a minotaur in a Gauntlet)

   Will:      It increases your willpower.
 i - a +2 halberd of distortion
 k - a +2 dagger of electrocution
 u - a +3 dagger of chaos
 v - a +4 mace of holy wrath
 T - a +9 longbow of flaming
 U - a +7 long sword of freezing
Missiles
 c - 29 poisoned darts
 t - 20 boomerangs
 N - a throwing net
 X - 2 javelins
Armour
 d - a +0 buckler (worn)
 A - a +1 pair of gloves (worn)
 K - the +0 pair of boots of the Tundras (worn) {rF+ rN++ MP+9 Dex+2}
   (You acquired it on level 5 of the Dungeon)

   Dex:       It affects your dexterity (+2).
   rF:        It protects you from fire.
   rN:        It greatly protects you from negative energy.
   MP:        It affects your magic capacity (+9).
 L - a +2 hat of see invisible (worn)
 M - a +2 cloak (worn)
Magical Staves
 o - the staff "Plog" {rC+ Str+4 Ice}
   (You acquired it on level 5 of the Dungeon)

   [staff of cold]

   Base accuracy: +5 Base damage: 5 Base attack delay: 1.2 This weapon's minimum
   attack delay (0.6) is reached at skill level 12.
   Str:       It affects your strength (+4).
   rC:        It protects you from cold.
   Ice:       It increases the power of your Ice spells.
   It falls into the 'Staves' category.
   It is a one-handed weapon.
Jewellery
 b - a ring of positive energy
 f - an amulet of guardian spirit
 l - a ring of ice
 D - the ring "Yvanaib" (left hand) {rF- Will+ Str+2 Int+6 SInv}
   (You found it in a Gauntlet)

   [ring of intelligence]

   Str:       It affects your strength (+2).
   Int:       It affects your intelligence (+6).
   rF:        It makes you vulnerable to fire.
   SInv:      It lets you see invisible.
   Will:      It increases your willpower.
 I - an amulet of magic regeneration (around neck)
 O - a ring of willpower (right hand)
Wands
 e - a wand of polymorph (10)
 n - a wand of mindburst (9)
 B - a wand of digging (14)
 J - a wand of roots (5)
 P - a wand of flame (34)
 W - a wand of paralysis (17)
 Y - a wand of acid (13)
Scrolls
 g - 10 scrolls of amnesia
 j - 4 scrolls of fog
 q - 3 scrolls of silence
 s - a scroll of blinking
 y - 3 scrolls of poison
 C - a scroll of brand weapon
 E - 7 scrolls of fear
 G - a scroll of identify
 Q - 4 scrolls of teleportation
Potions
 a - 2 potions of magic
 r - 3 potions of ambrosia
 w - 4 potions of cancellation
 x - 3 potions of might
 z - 6 potions of enlightenment
 F - 4 potions of curing
 H - a potion of berserk rage
 R - 5 potions of haste
 S - 2 potions of brilliance
 Z - 2 potions of resistance
Miscellaneous
 m - a lightning rod (2/4)
 p - a tin of tremorstones (2/2)


   Skills:
 + Level 5.2 Fighting
 + Level 0.2 Short Blades
 + Level 2.5(3.5) Axes
 + Level 3.6(4.3) Maces & Flails
 + Level 1.1(2.5) Polearms
 + Level 2.2(3.3) Staves
 + Level 8.1 Ranged Weapons
 + Level 3.0 Throwing
 + Level 5.8 Dodging
 + Level 3.5 Stealth
 + Level 10.2 Shields
 + Level 9.8 Spellcasting
 + Level 7.4 Conjurations
 + Level 7.3 Summonings
 * Level 7.4 Translocations
 * Level 6.8 Transmutations
 + Level 5.8 Fire Magic
 + Level 11.2 Ice Magic
 + Level 7.4 Air Magic
 + Level 5.3 Poison Magic
 + Level 8.4 Invocations
 * Level 9.1 Evocations


You had one spell level left.
You knew the following spells:

 Your Spells              Type           Power      Damage    Failure   Level
a - Mephitic Cloud        Conj/Pois/Air  46%        N/A       1%          3
b - Frozen Ramparts       Ice            100%       1d16      1%          3
c - Summon Ice Beast      Ice/Summ       56%        N/A       1%          4
d - Ozocubu's Armour      Ice            62%        N/A       1%          3
e - Freezing Cloud        Conj/Ice/Air   27%        6-21      4%          5
f - Swiftness             Air            49%        N/A       1%          3
g - Wereblood             Tmut           46%        N/A       1%          2
h - Volatile Blastmotes   Fire/Tloc      90%        2d17      1%          3
i - Dragon Form           Tmut           23%        N/A       97%         7

Your spell library contained the following spells:

 Spells                   Type           Power      Damage    Failure   Level
 Beastly Appendage        Tmut           92%        N/A       1%          1
 Freeze                   Ice            100%       1d10      1%          1
 Sting                    Tmut/Pois      100%       1d8       1%          1
 Ensorcelled Hibernation  Hex/Ice        80%        N/A       1%          2
 Poisonous Vapours        Pois/Air       88%        N/A       1%          2
 Hailstorm                Conj/Ice       56%        3d12      1%          3
 Ignite Poison            Fire/Tmut/Pois 42%        N/A       1%          3
 Spider Form              Tmut/Pois      42%        N/A       1%          3
 Ice Form                 Ice/Tmut       55%        N/A       1%          4
 Passwall                 Tmut/Erth      24%        N/A       2%          2
 Iskenderun's Mystic Bla  Conj/Tloc      49%        2d11      2%          4
 Passage of Golubria      Tloc           49%        N/A       2%          4
 Dazzling Flash           Conj/Hex       62%        N/A       4%          3
 Sticky Flame             Conj/Fire      45%        2d6       4%          4
 Irradiate                Conj/Tmut      24%        3d19      9%          5
 Blade Hands              Tmut           23%        N/A       10%         5
 Tukima's Dance           Hex            12%        N/A       19%         3
 Yara's Violent Unravell  Hex/Tmut       14%        3d7       38%         5
 Animate Dead             Necr           12%        N/A       52%         4
 Starburst                Conj/Fire      22%        6d8       52%         6
 Simulacrum               Ice/Necr       20%        N/A       67%         6
 Haunt                    Necr/Summ      15%        N/A       100%        7
 Ignition                 Fire           20%        3d7       100%        8
 Infestation              Necr           6%         N/A       100%        8
 Chain Lightning          Conj/Air       24%        3d32      100%        9
 Fire Storm               Conj/Fire      22%        8d6       100%        9
 Shatter                  Erth           6%         3d9*      100%        9


Dungeon Overview and Level Annotations

Branches:
Dungeon (9/15)             Temple (1/1) D:6            Lair (5/5) D:9
  Swamp (4/4) Lair:2       Spider (1/4) Lair:2        Slime (2/5) Lair:4
    Orc (2/2) D:9             Elf (3/3) Orc:2       Gauntlet (visited)

Altars:
Ashenzari
Cheibriados
Dithmenos
Elyvilon
Fedhas
Gozag
Hepliaklqana
Kikubaaqudgha
Makhleb
Nemelex Xobeh
Okawaru
Qazlal
Ru
Sif Muna
Trog
Uskayaw
Vehumet
Wu Jian
Xom
Yredelemnul
Zin
The Shining One
Jiyva

Shops:
D:3 !   D:7 *   Orc:1 :   Orc:2 *:*?   Elf:1 [

Annotations:
D:9 2 transporters


Innate Abilities, Weirdness & Mutations

You can spit globs of acid.
Your golden yellow scales are hard. (AC +9)
You cannot fit into any form of body armour.
You have acidic saliva.
You are cold-blooded and may be slowed by cold attacks.
You are resistant to acid. (rCorr)
Your flesh is cold resistant. (rC+)
You are strong-willed. (Will+)
You occasionally lose the ability to read scrolls when taking damage.


Message History

The deep elf zephyrmancer blinks!
Okay, then.
Casting: Freezing Cloud (dangerous; 4% risk of failure)
Confirm with . or Enter, or press ? or * to list all spells.
A chill wind blows around you.
A +3 heavy battleaxe comes into view.
The deep elf zephyrmancer is engulfed in freezing vapours.
You kill the deep elf zephyrmancer!
Qazlal accepts your kill.
The deep elf annihilator is engulfed in freezing vapours.
Your lightning rod (2/4) has regained one charge.
You feel better.
The deep elf annihilator is engulfed in freezing vapours.
You block the deep elf annihilator's attack.
Press: ? - help, Shift-Dir - straight line, f - deep elf annihilator
Aim: a deep elf annihilator, wielding a +0 long sword (freezing vapour, almost dead, ally target, 56% to hit)
Really spit acid near your ice beast?
You spit a glob of acid.
The glob of acid hits the deep elf annihilator!!
The acid corrodes the deep elf annihilator!
The acid splashes onto your ice beast!
Your ice beast is splashed with acid.
The acid corrodes your ice beast!
The acid splashes onto the +3 heavy battleaxe!
The +3 heavy battleaxe is splashed with acid.
The acid corrodes the +3 heavy battleaxe!
You kill the deep elf annihilator!
Qazlal accepts your kill.
The +3 heavy battleaxe is engulfed in freezing vapours.
Your ice beast misses the +3 heavy battleaxe.
Casting: Summon Ice Beast (mildly dangerous; 1% risk of failure)
Confirm with . or Enter, or press ? or * to list all spells.
Okay, then.
Activating: Disaster Area (14% risk of failure)
Press: ? - help, Dir - look around, f - activate
There are friendlies around; are you sure you want to hurt them?
Nature churns violently around you!
You hear a sizzling sound! x3
The +3 heavy battleaxe is engulfed in freezing vapours.
The +3 heavy battleaxe hits you!!!
You die...

....=e.......
###....
...........
###.#
....§§.§. ###
...°§§§ ..☼§§
.§○ #§#
.#####
####(##
#'...##
##§.@Y°##
##.....##
#§○°§≈≈§#
##.......##
#§§§§.≈≈#
#.........#
#≈≈.....+
+.........#
#.......#
#.........#
#...^...#
#.......'#
##.....'##
##.....##.
#######.##
##...####
##.##
##'#####


You could see a +3 heavy battleaxe (corroded, ally target) and a friendly ice
beast (summoned, corroded).

Vanquished Creatures
  Jorgrun (Swamp:1)
  2 thorn hunters
  An azure jelly (Slime:1)
  An orc warlord (Orc:1)
  A broodmother (Spider:1)
  2 dire elephants (Swamp:3)
  4 eleionomae
  A minotaur (Gauntlet)
  2 deep elf annihilators
  3 bunyips
  15 hydras
  2 catoblepae
  A boulder beetle (Spider:1)
  5 dancing weapons
  A two-headed ogre (D:8)
  5 alligators
  4 orc high priests (Orc:2)
  The ghost of LustLizard the Martial Artist, a novice OpBe of Trog (D:8)
  5 deep elf knights
  A skyshark (Lair:2)
  2 goliath frogs
  A spriggan druid (Swamp:2)
  15 swamp dragons
  4 bog bodies
  6 deep elf archers
  3 deep elf zephyrmancers
  12 deep elf pyromancers
  A wolf spider (Spider:1)
  6 orc sorcerers
  A manticore (Lair:5)
  A will-o-the-wisp (Swamp:4)
  2 elephants (Lair:2)
  5 black mambas
  A gargoyle (Gauntlet)
  15 cane toads
  An orange demon (Gauntlet)
  2 unseen horror zombies (D:8)
  Psyche (D:8)
  7 komodo dragons
  4 rime drakes
  A meliai (Lair:2)
  Grinder (D:4)
  A bloated husk (Swamp:3)
  5 hornets
  3 polar bears
  3 tarantellas (Spider:1)
  4 trolls (Orc:1)
  12 tyrant leeches
  25 blink frogs
  10 dream sheep
  2 jumping spiders (Spider:1)
  A slime creature (Slime:1)
  A water elemental (Elf:2)
  3 spriggans
  A shadow (D:8)
  2 culicivoras (Spider:1)
  8 wyverns
  3 wraiths
  16 yaks
  A steam dragon (D:6)
  6 basilisks
  2 nameless horrors
  A fire elemental (Elf:1)
  A redback (Spider:1)
  5 vampire mosquitoes (Lair:5)
  Edmund (D:5)
  15 swamp worms
  21 water moccasins
  3 wargs (Orc:1)
  4 acid dragons (D:9)
  A hell hound (Swamp:3)
  A floating eye (shapeshifter) (Elf:3)
  15 orc warriors
  A black bear (Lair:2)
  An ice beast (D:8)
  A sky beast (D:6)
  3 swamp drakes (Swamp:4)
  3 hornet zombies (D:8)
  7 wolves
  8 ogres
  A centaur (D:8)
  A phantom (D:6)
  2 kobold brigands (D:8)
  2 wyvern zombies (D:8)
  3 scorpions
  An earth elemental (Orc:2)
  14 bullfrogs
  A cane toad simulacrum (Gauntlet)
  A wight (D:8)
  17 killer bees
  3 howler monkeys
  3 electric eels
  A hound (D:5)
  15 orc priests
  A gnoll bouda (D:7)
  3 jellies
  A sleepcap (D:3)
  2 iguanas
  21 orc wizards
  4 hell rats (Lair:5)
  A killer bee zombie (D:8)
  A boggart simulacrum (Gauntlet)
  2 howler monkey zombies (D:8)
  7 gnolls
  4 adders
  A shadow imp (D:7)
  An ufetubus (D:4)
  2 worms
  4 dart slugs
  56 orcs
  6 endoplasms
  5 giant cockroaches
  5 hobgoblins
  2 jackals (D:4)
  A quokka (D:2)
  4 ball pythons
  A bat (D:3)
  6 frilled lizards
  6 goblins
  11 kobolds
  5 rats
579 creatures vanquished.

Vanquished Creatures (collateral kills)
  the Lernaean hydra (Swamp:4)
  A fenstrider witch (Swamp:4)
  An eleionoma (Swamp:4)
  A green death (Gauntlet)
  3 hydras (Swamp:4)
  An alligator (Swamp:2)
  An orc high priest (Orc:1)
  A deep elf knight (Elf:2)
  A goliath frog (Swamp:4)
  5 bog bodies
  2 swamp dragons (Swamp:4)
  A steelbarb worm (Spider:1)
  A deep elf zephyrmancer (Elf:3)
  A deep elf pyromancer (Elf:3)
  A black mamba (Lair:4)
  An elephant (Lair:2)
  A kobold demonologist (D:9)
  An orange demon (Gauntlet)
  3 komodo dragons
  A bloated husk (Swamp:3)
  A troll (Orc:1)
  3 hornets
  4 tyrant leeches
  6 blink frogs
  A dream sheep (Lair:4)
  3 slime creatures (Slime:1)
  A centaur simulacrum (Gauntlet)
  4 spriggans
  An air elemental (Elf:2)
  A wyvern (Lair:5)
  A yak (Lair:5)
  2 basilisks
  2 swamp worms
  A warg (Orc:2)
  A water moccasin (Lair:2)
  A hell hound (Lair:5)
  5 swamp drakes
  3 orc warriors
  An ogre (Orc:2)
  A phantom (D:6)
  Blork the orc (D:6)
  A nameless horror (D:8)
  A bullfrog (Lair:5)
  A scorpion (D:7)
  An earth elemental (Elf:3)
  A wight (D:8)
  A killer bee (Lair:2)
  A centaur zombie (D:8)
  7 orc priests (Orc:2)
  Ijyb (D:5)
  2 orc wizards (Orc:2)
  2 gnolls
  8 orcs
  A kobold (D:8)
101 creatures vanquished.

Vanquished Creatures (others)
  2 bloated husks (Swamp:1)
  6 ball lightnings (Elf:1)
  2 foxfires (Swamp:4)
10 creatures vanquished.

Grand Total: 690 creatures vanquished

Notes
Turn   | Place    | Note
-------+----------+-------------------------------------------
     0 | D:1      | AiryTheDragon the Draconian Ice Elementalist began the
                  | quest for the Orb.
     0 | D:1      | Reached XP level 1. HP: 14/14 MP: 3/3
   360 | D:1      | Reached XP level 2. HP: 20/20 MP: 5/5
  1101 | D:2      | Reached XP level 3. HP: 19/27 MP: 4/6
  1105 | D:2      | Learned a level 3 spell: Frozen Ramparts
  1840 | D:3      | Found a sparkling altar of Nemelex Xobeh.
  2007 | D:3      | Found a broken altar of Ashenzari.
  2030 | D:3      | Found a faded altar of an unknown god.
  2038 | D:3      | Prayed at the altar of an unknown god.
  2038 | D:3      | Became a worshipper of Qazlal Stormbringer
  2038 | D:3      | Reached * piety under Qazlal
  2052 | D:3      | Found a blossoming altar of Fedhas.
  2112 | D:3      | Reached skill level 1 in Fighting
  2112 | D:3      | Reached skill level 1 in Maces & Flails
  2112 | D:3      | Reached XP level 4. HP: 35/35 MP: 0/7
  2140 | D:3      | Found a hazy altar of Hepliaklqana.
  2202 | D:3      | You are sucked into a shaft and drop 1 floor!
  2215 | D:4      | Reached XP level 5. HP: 21/40 MP: 4/8
  2217 | D:4      | Reached skill level 1 in Throwing
  2217 | D:4      | Reached skill level 5 in Ice Magic
  2218 | D:4      | Reached XP level 6. HP: 13/47 MP: 4/10
  2396 | D:4      | Learned a level 4 spell: Summon Ice Beast
  2400 | D:4      | Learned a level 3 spell: Ozocubu's Armour
  2471 | D:4      | Noticed Grinder
  2483 | D:4      | Paralysed by Grinder for 2 turns
  2496 | D:4      | Killed Grinder
  2497 | D:4      | Reached skill level 1 in Summonings
  2497 | D:4      | Reached skill level 1 in Invocations
  2497 | D:4      | Your scales start taking on a golden yellow colour.
  2497 | D:4      | Reached XP level 7. HP: 24/52 MP: 4/12
  2497 | D:4      | Gained mutation: You are resistant to acid. (rCorr) [Yellow
                  | Draconian growth]
  2864 | D:4      | Reached ** piety under Qazlal
  2910 | D:4      | Reached skill level 1 in Poison Magic
  2910 | D:4      | Reached skill level 1 in Evocations
  3272 | D:3      | Found Jusimudo's Distillery.
  3281 | D:3      | Bought a potion of curing for 42 gold pieces
  3281 | D:3      | Bought a potion of curing for 42 gold pieces
  3281 | D:3      | Bought a potion of heal wounds for 70 gold pieces
  3281 | D:3      | Bought a potion of curing for 42 gold pieces
  3340 | D:3      | Found an iron altar of Okawaru.
  3836 | D:5      | Entered Level 5 of the Dungeon
  4007 | D:5      | Identified 3 scrolls of acquirement
  4007 | D:5      | Acquired the +0 pair of boots of the Tundras {rF+ rN++ MP+9
                  | Dex+2}
  4014 | D:5      | Acquired a +2 hat of see invisible
  4021 | D:5      | Acquired the staff of cold "Plog" {rC+ Str+4}
  4175 | D:5      | Reached XP level 8. HP: 60/60 MP: 9/13
  4275 | D:5      | Noticed Edmund
  4283 | D:5      | Killed Edmund
  4368 | D:5      | Found a stormy altar of Qazlal.
  4376 | D:5      | Noticed Ijyb
  4380 | D:5      | Killed Ijyb
  4381 | D:5      | Reached skill level 1 in Staves
  4758 | D:3      | Bought a potion of might for 56 gold pieces
  4758 | D:3      | Bought a potion of brilliance for 56 gold pieces
  4836 | D:6      | Learned a level 3 spell: Mephitic Cloud
  5053 | D:6      | Reached skill level 6 in Ice Magic
  5127 | D:6      | Noticed Blork the orc
  5133 | D:6      | Killed Blork the orc
  5235 | D:6      | Reached *** piety under Qazlal
  5385 | D:6      | Found a glowing silver altar of Zin.
  5568 | D:6      | Found a staircase to the Ecumenical Temple.
  5574 | Temple   | Entered the Ecumenical Temple
  5574 | Temple   | Found a transporter.
  5574 | Temple   | Found a transporter.
  5576 | Temple   | Found a transporter.
  5576 | Temple   | Found a transporter.
  5665 | D:6      | Reached skill level 1 in Conjurations
  5757 | D:6      | Noticed a nameless horror
  5769 | D:6      | Killed a nameless horror
  5880 | D:6      | Reached skill level 1 in Air Magic
  5880 | D:6      | Reached XP level 9. HP: 67/67 MP: 16/16
  5969 | D:7      | Identified the +4 shortbow "Zangilov" {flame, Str+2}
  6621 | D:7      | Found Jas Teky's Assorted Antiques.
  6629 | D:7      | Bought a sapphire potion for 23 gold pieces
  6629 | D:7      | Bought a scroll labelled EMIVOCKACS for 26 gold pieces
  6629 | D:7      | Bought a twisted copper wand for 104 gold pieces
  6670 | D:7      | Reached skill level 5 in Spellcasting
  7005 | D:8      | Found a basalt altar of Yredelemnul.
  7169 | D:8      | Reached **** piety under Qazlal
  7196 | D:8      | Noticed Psyche
  7204 | D:8      | Killed Psyche
  7216 | D:8      | Reached skill level 1 in Shields
  7216 | D:8      | Reached skill level 7 in Ice Magic
  7367 | D:8      | Reached skill level 1 in Ranged Weapons
  7372 | D:8      | Reached XP level 10. HP: 73/73 MP: 12/17
  7585 | D:8      | Found a runed translucent gate.
  7585 | D:8      | Found a runed translucent gate.
  7585 | D:8      | Found a runed translucent gate.
  7620 | D:7      | Bought a yellow potion for 23 gold pieces
  7798 | D:8      | Noticed a two-headed ogre
  7864 | D:8      | Noticed LustLizard's ghost (novice OpBe)
  8005 | D:8      | Found an ornate altar of the Wu Jian Council.
  8005 | D:8      | Found a shimmering altar of Xom.
  8159 | D:8      | Killed a two-headed ogre
  8261 | D:8      | Killed LustLizard's ghost
  8616 | D:9      | Learned a level 5 spell: Freezing Cloud
  8620 | D:9      | Learned a level 3 spell: Swiftness
  8831 | D:9      | Noticed a rust devil
  8854 | D:9      | Found a transporter.
  8859 | D:9      | Found a transporter.
  8920 | D:9      | Found a staircase to the Lair.
  8956 | D:9      | Reached XP level 11. HP: 72/80 MP: 20/20
  9008 | D:9      | Found a staircase to the Orcish Mines.
  9330 | D:9      | Found a transporter.
  9381 | D:9      | Found a transporter.
  9397 | D:9      | Reached skill level 5 in Summonings
  9397 | D:9      | Reached skill level 5 in Evocations
  9576 | D:9      | Found a bloodstained altar of Trog.
  9601 | D:9      | Found a snail-covered altar of Cheibriados.
  9657 | D:9      | Found a sacrificial altar of Ru.
  9936 | Orc:1    | Entered Level 1 of the Orcish Mines
  9944 | Orc:1    | Reached skill level 8 in Ice Magic
 10046 | Orc:1    | Reached skill level 5 in Invocations
 10193 | Orc:1    | Reached ***** piety under Qazlal
 10195 | Orc:1    | Noticed an orc sorcerer
 10208 | Orc:2    | Entered Level 2 of the Orcish Mines
 10250 | Orc:2    | Noticed an orc high priest
 10267 | Orc:1    | Noticed an orc sorcerer
 10273 | Orc:1    | Gained mutation: You are strong-willed. (Will+) [potion of
                  | mutation]
 10273 | Orc:1    | Gained mutation: Your large and strong wings let you fly.
                  | [potion of mutation]
 10273 | Orc:1    | Gained mutation: You are highly strong-willed. (Will++)
                  | [potion of mutation]
 10288 | Orc:1    | Killed an orc sorcerer
 10293 | Orc:1    | Noticed a deep elf pyromancer
 10294 | Orc:1    | Reached skill level 5 in Conjurations
 10294 | Orc:1    | Killed an orc sorcerer
 10295 | Orc:1    | Reached skill level 5 in Poison Magic
 10296 | Orc:1    | Killed a deep elf pyromancer
 10304 | Orc:1    | Noticed a deep elf archer
 10315 | Orc:1    | Killed a deep elf archer
 10334 | Orc:1    | Noticed a deep elf pyromancer
 10337 | Orc:1    | Killed a deep elf pyromancer
 10356 | Orc:1    | Reached skill level 5 in Air Magic
 10359 | Orc:1    | Learned a level 2 spell: Wereblood
 10366 | Orc:1    | Noticed a deep elf zephyrmancer
 10390 | Orc:1    | Killed a deep elf zephyrmancer
 10394 | Orc:1    | Noticed an orc sorcerer
 10526 | Orc:1    | Killed an orc sorcerer
 10621 | Orc:1    | Noticed a deep elf pyromancer
 10626 | Orc:1    | Killed a deep elf pyromancer
 10681 | Orc:1    | Noticed an orc sorcerer
 10689 | Orc:1    | Killed an orc sorcerer
 10690 | Orc:1    | Reached XP level 12. HP: 88/88 MP: 16/22
 10711 | Orc:1    | Noticed an orc warlord
 10726 | Orc:1    | Killed an orc warlord
 10815 | Orc:1    | Noticed an orc high priest
 10822 | Orc:1    | Killed an orc high priest
 10823 | Orc:1    | Reached skill level 1 in Transmutations
 11023 | Orc:1    | Found Ihilaush's Book Shop.
 11027 | Orc:1    | Bought a book of the Tundra for 448 gold pieces
 11337 | Orc:2    | Killed an orc high priest
 11360 | Orc:2    | Noticed an orc high priest
 11363 | Orc:2    | Noticed an orc high priest
 11366 | Orc:2    | Killed an orc high priest
 11373 | Orc:2    | Killed an orc high priest
 11425 | Orc:2    | Noticed an orc high priest
 11434 | Orc:2    | Killed an orc high priest
 11570 | Orc:2    | Upgraded the game from 0.31-a0-154-g56bf346678 to
                  | 0.31-a0-161-gb58dd9be76
 11595 | Orc:2    | Found a staircase to the Elven Halls.
 11964 | Orc:2    | Found Qiryirph's Magic Scroll Boutique.
 11964 | Orc:2    | Found Rimex's Book Shop.
 11965 | Orc:2    | Found Hatwel's General Store.
 11969 | Orc:2    | Found Zyucemp's General Store.
 11977 | Orc:2    | Bought a scroll of poison for 64 gold pieces
 11977 | Orc:2    | Bought a potion of haste for 160 gold pieces
 11977 | Orc:2    | Bought a potion of lignification for 48 gold pieces
 11977 | Orc:2    | Bought a scroll of blinking for 120 gold pieces
 11977 | Orc:2    | Bought a scroll of enchant weapon for 120 gold pieces
 11977 | Orc:2    | Bought a scroll of identify for 32 gold pieces
 12186 | Elf:1    | Entered Level 1 of the Elven Halls
 12186 | Elf:1    | Noticed a deep elf annihilator
 12477 | Lair:1   | Entered Level 1 of the Lair of Beasts
 12529 | Lair:1   | You are sucked into a shaft and drop 1 floor!
 12685 | Lair:2   | Found a hole to the Spider Nest.
 12702 | Lair:2   | Reached skill level 9 in Ice Magic
 12771 | Lair:2   | Reached XP level 13. HP: 94/94 MP: 14/24
 13339 | Lair:2   | Reached ****** piety under Qazlal
 13368 | Lair:2   | Found a staircase to the Swamp.
 13383 | Swamp:1  | Entered Level 1 of the Swamp
 13384 | Swamp:1  | Noticed Jorgrun
 13400 | Swamp:1  | Killed Jorgrun
 13698 | Swamp:1  | Noticed a bunyip
 14005 | Lair:3   | Reached skill level 5 in Transmutations
 14014 | Lair:3   | Reached skill level 5 in Ranged Weapons
 14740 | Lair:4   | Learned a level 3 spell: Volatile Blastmotes
 14770 | Lair:4   | Reached skill level 5 in Shields
 14842 | Lair:4   | Reached skill level 1 in Translocations
 14878 | Lair:4   | Reached skill level 1 in Fire Magic
 15588 | Lair:4   | Found a viscous altar of Jiyva.
 15589 | Lair:4   | Found a staircase to the Slime Pits.
 15996 | Lair:5   | Entered Level 5 of the Lair of Beasts
 16024 | Lair:5   | Gained mutation: You have acidic saliva. [Yellow Draconian
                  | growth]
 16024 | Lair:5   | Reached XP level 14. HP: 83/103 MP: 15/25
 16027 | Lair:5   | Reached skill level 5 in Dodging
 16054 | Lair:5   | Reached skill level 10 in Ice Magic
 16164 | Lair:5   | Reached skill level 1 in Polearms
 16343 | Lair:5   | Found a gate leading to a gauntlet.
 16362 | Gauntlet | Entered a Gauntlet
 16362 | Gauntlet | Found a transporter.
 16362 | Gauntlet | Found a transporter.
 16375 | Gauntlet | Found a transporter.
 16393 | Gauntlet | Found a transporter.
 16393 | Gauntlet | Found a transporter.
 16396 | Gauntlet | Found a transporter.
 16396 | Gauntlet | Found a transporter.
 16396 | Gauntlet | Found a transporter.
 16408 | Gauntlet | Found a transporter.
 16426 | Gauntlet | Found a transporter.
 16436 | Gauntlet | Found a transporter.
 16452 | Gauntlet | Found a transporter.
 16472 | Gauntlet | Found a transporter.
 16485 | Gauntlet | Found a transporter.
 16788 | Gauntlet | Got the Anthology of Spectral Shapes
 16789 | Gauntlet | Identified the ring "Yvanaib" {rF- Will+ Str+2 Int+6 SInv}
 16877 | Gauntlet | Lost mutation: You are highly strong-willed. (Will++)
                  | [potion of mutation]
 16877 | Gauntlet | Lost mutation: Your large and strong wings let you fly.
                  | [potion of mutation]
 16877 | Gauntlet | Gained mutation: You occasionally lose the ability to read
                  | scrolls when taking damage. [potion of mutation]
 16877 | Gauntlet | Gained mutation: Your flesh is cold resistant. (rC+)
                  | [potion of mutation]
 17976 | Lair:5   | Upgraded the game from 0.31-a0-161-gb58dd9be76 to
                  | 0.31-a0-164-g2312942fda
 18048 | Slime:1  | Entered Level 1 of the Pits of Slime
 18051 | Slime:1  | Noticed an azure jelly
 18067 | Slime:1  | Killed an azure jelly
 18415 | Slime:2  | Noticed an azure jelly
 19513 | Swamp:2  | Reached skill level 5 in Fire Magic
 19673 | Swamp:2  | Reached XP level 15. HP: 74/111 MP: 23/27
 19839 | Swamp:2  | Reached skill level 5 in Translocations
 20005 | Swamp:2  | Upgraded the game from 0.31-a0-164-g2312942fda to
                  | 0.31-a0-175-g9f7f995f2b
 20784 | Swamp:3  | Noticed a thorn hunter
 20796 | Swamp:2  | Killed a thorn hunter
 21167 | Swamp:3  | Reached skill level 1 in Axes
 21307 | Swamp:3  | Noticed a thorn hunter
 21324 | Swamp:3  | Killed a thorn hunter
 22148 | Swamp:4  | Entered Level 4 of the Swamp
 22181 | Swamp:4  | Noticed a fenstrider witch
 22196 | Swamp:4  | Killed a fenstrider witch
 22532 | Swamp:4  | Noticed the 27-headed Lernaean hydra
 22546 | Swamp:4  | Killed the 27-headed Lernaean hydra
 22555 | Swamp:4  | Reached skill level 5 in Fighting
 22583 | Swamp:4  | Reached XP level 16. HP: 78/119 MP: 21/29
 22715 | Swamp:4  | Got a decaying rune of Zot
 22788 | Swamp:4  | Learned a level 7 spell: Dragon Form
 23362 | Lair:1   | Reached skill level 10 in Shields
 24169 | Spider:1 | Entered Level 1 of the Spider Nest
 24447 | Lair:2   | Upgraded the game from 0.31-a0-175-g9f7f995f2b to
                  | 0.31-a0-180-g519b7de00c
 25110 | Elf:1    | Reached skill level 11 in Ice Magic
 25127 | Elf:1    | Found Icaxoazo's Antique Armour Shoppe.
 25339 | Elf:2    | Paralysed by an air elemental for 1 turns
 25522 | Elf:3    | Entered Level 3 of the Elven Halls
 25810 | Elf:3    | Slain by a +3 heavy battleaxe

Illustrated notes

Levels and vault maps discovered:
D:1:      roderic_chinese_lattice_arrival, layout_loops_corners, st_stairs_8
D:2:      layout_basic
D:3:      layout_loops_ring, nicolae_ashenzari_panopticon,
          mainiacjoe_overflow_cross_hatched, mainiacjoe_overflow_24_doors,
          lemuel_tele_altar, nicolae_overflow_crystal_walls,
          basic_ecumenical_altar, serial_shops, shop_fountains
D:4:      layout_loops_ring, uniq_grinder
D:5:      layout_basic, general_overflow_altar, hangedman_abyss_or_decor_passed,
          uniq_ijyb, uniq_edmund
D:6:      layout_loops_cross, lemuel_coloured_pillars_altar,
          minmay_temple_entry_purple_smoke, grunt_ministairs_11,
          uniq_blork_the_orc
D:7:      layout_loops_corners, serial_shops, shop
D:8:      layout_cave_pools, gammafunk_temple_overflow_statue,
          lemuel_crystal_altar, gammafunk_ghost_spectres, serial_undead,
          serial_undead_a, serial_undead_f, serial_undead_e, serial_undead_d,
          kennysheep_opposing_triangles, uniq_psyche
D:9:      layout_irregular_city, mainiacjoe_overflow_alcove_2,
          marbit_many_paths, nicolae_ru_sacrificial_ziggurat, dpeg_oklobed_lair,
          orc_0_dummy, nicolae_transporter_intersection
Temple:   hellmonk_temple_divided_pantheon
Lair:1:   layout_roguey
Lair:2:   layout_regular_city, nicolae_swamp_entry_splash_gauntlet,
          hellmonk_spider_entry_not_the_bees, serial_bayou_shore_a,
          serial_bayou_shore_b, grunt_megastairs_1
Lair:3:   layout_chaotic_city
Lair:4:   layout_regular_city, slime_entry_1
Lair:5:   minmay_lair_end_frog_pond, layout_small_grid, special_room
          [special_room_mythical_zoo], gauntlet_entry_generic,
          chequers_serial_rivers_room_b
Swamp:1:  layout_basic_swamp, nicolae_swamp_round_clearing, uniq_jorgrun
Swamp:2:  layout_falls_marsh, hangedman_swamp_diagram, swamp_pool4,
          infiniplex_staircase_pool
Swamp:3:  layout_falls_marsh, serial_swamp_ruin, evilmike_swamp_ruin_house_6,
          evilmike_swamp_ruin_rubble_1, evilmike_swamp_ruin_house_3,
          swamp_pool1, beargit_elvish_explorers
Swamp:4:  swamp, layout_basic_swamp
Spider:1: nicolae_spider_corner, hangedman_spider_tarantella_strand
Slime:1:  layout_caves
Slime:2:  layout_caves
Orc:1:    layout_caves, serial_shops, nicolae_shop_back_alley_shop, elf_legates
Orc:2:    st_orc_mages, layout_caves
Elf:1:    nicolae_elf_arrival_fired_up, layout_loops_cross, serial_aquarium,
          aquarium_bridge_square [aquarium_subvault_wall,
          aquarium_subvault_window, aquarium_subvault_wall,
          aquarium_subvault_bridge], aquarium_window_corridor_1,
          aquarium_window_1, aquarium_window_1, aquarium_window_fake,
          aquarium_view_2c, aquarium_balcony_3a, aquarium_pool_2, serial_shops,
          shop, hangedman_elf_disciples
Elf:2:    elven_hall_of_blades_hangedman_original
          [nicolae_blade_entry_pointy_end], layout_rooms
Elf:3:    minmay_elf_hall_furrowed, layout_geoelf_grid

Skill      XL: |  1  2  3  4  5  6  7  8  9 10 11 12 13 14 15 16 |
---------------+-------------------------------------------------+-----
Dodging        | 2 3 4 5 |  5.8
Stealth        | 2 3 |  3.5
Fighting       | 1 2 3 4 5 |  5.2
Maces & Flails | 1 2 3 |  3.6
Throwing       | 1 2 3 |  3.0
Ice Magic      | 5 6 7 8 9 10 11 | 11.2
Spellcasting   | 3 4 5 6 7 8 9 |  9.8
Summonings     | 1 2 4 5 6 7 |  7.3
Invocations    | 1 2 3 4 6 7 8 |  8.4
Poison Magic   | 2 3 4 5 |  5.3
Evocations     | 1 2 4 5 7 8 9 |  9.1
Staves         | 2 |  2.2
Conjurations   | 2 3 4 5 6 7 |  7.4
Air Magic      | 1 2 4 5 6 7 |  7.4
Shields        | 1 2 4 5 8 9 10 | 10.2
Ranged Weapons | 1 3 4 6 7 8 |  8.1
Transmutations | 3 5 6 |  6.8
Translocations | 1 4 6 7 |  7.4
Fire Magic     | 2 5 |  5.8
Polearms       | 1 |  1.1
Axes           | 2 |  2.5
Short Blades   | |  0.2

Action                     |  1- 3 |  4- 6 |  7- 9 | 10-12 | 13-15 | 16-18 || total
---------------------------+-------+-------+-------+-------+-------+-------++-------
  Melee: Hand axe          |    23 |       |       |       |       |       ||    23
         Tailslap          |    12 |     5 |    20 |    35 |    13 |    10 ||    95
         Club              |     1 |       |       |       |       |       ||     1
         Whip              |    55 |    33 |    41 |     7 |       |       ||   136
         Staff             |       |       |    86 |    52 |       |       ||   138
         Punch             |       |       |     4 |     2 |       |       ||     6
         Mace              |       |       |    17 |    93 |    10 |       ||   120
         Dire flail        |       |       |     3 |       |       |       ||     3
         Dagger            |       |       |       |     4 |       |       ||     4
         Trident           |       |       |       |       |    48 |       ||    48
         Bite              |       |       |       |       |    11 |     6 ||    17
         Broad axe         |       |       |       |       |    33 |    28 ||    61
   Fire: Shortbow          |       |       |    14 |   185 |   373 |       ||   572
         Longbow           |       |       |       |       |    44 |    37 ||    81
  Throw: Dart              |    11 |     9 |    25 |     3 |    11 |       ||    59
         Boomerang         |       |     4 |     1 |       |     6 |     5 ||    16
         Javelin           |       |       |       |       |     5 |     5 ||    10
   Cast: Freeze            |    13 |       |     1 |       |       |       ||    14
         Frozen Ramparts   |     5 |     5 |    40 |    48 |    44 |     6 ||   148
         Ozocubu's Armour  |       |     1 |    10 |    10 |    17 |     6 ||    44
         Summon Ice Beast  |       |       |    18 |    38 |    85 |    27 ||   168
         Mephitic Cloud    |       |       |     1 |    23 |    11 |       ||    35
         Freezing Cloud    |       |       |       |    32 |   105 |    47 ||   184
         Swiftness         |       |       |       |     2 |     7 |     2 ||    11
         Wereblood         |       |       |       |     2 |     6 |     1 ||     9
 Invoke: Elemental Force   |       |       |       |       |     6 |     2 ||     8
         Disaster Area     |       |       |       |       |     4 |     1 ||     5
         Upheaval          |       |       |       |       |       |     1 ||     1
Ability: Breathe Acid      |       |       |    15 |    17 |    27 |     8 ||    67
  Evoke: Wand              |       |       |     5 |     3 |     8 |     9 ||    25
         Lightning rod     |       |       |       |       |     6 |     4 ||    10
    Use: Potion            |       |     2 |       |     5 |     8 |     9 ||    24
         Scroll            |       |       |     9 |     9 |    16 |     7 ||    41
   Stab: Sleeping          |     8 |       |       |       |       |       ||     8
 Armour: Skin              |    24 |    15 |    93 |    92 |   171 |    36 ||   431
  Dodge: Dodged            |    38 |    22 |   131 |   187 |   209 |    52 ||   639
         Repelled          |       |       |       |     1 |    22 |     3 ||    26
  Block: Other             |     1 |     4 |    36 |    69 |   114 |     6 ||   230
         Buckler           |       |       |       |       |    10 |    26 ||    36

Table legend: (Time is in decaauts)
 A = Elapsed time spent in this place.
 B = Non-inter-level travel time spent in this place.
 C = Inter-level travel time spent in this place.
 D = Time resting spent in this place.
 E = Time spent auto-exploring this place.
 F = Levels seen in this place.
 G = Mean time per level.
                   A        B        C        D        E       F      G
               +--------+--------+--------+--------+--------+-----+--------+
         Total |  26280 |  24404 |   1876 |   1964 |  16791 |  28 |  938.6 |
       Dungeon |  10432 |   9437 |    995 |    214 |   7415 |   9 | 1159.1 |
        Temple |     33 |     24 |      9 |      0 |      7 |   1 |   33.0 |
          Lair |   6071 |   5605 |    466 |    199 |   4297 |   5 | 1214.2 |
         Swamp |   5171 |   4975 |    196 |    560 |   3282 |   4 | 1292.8 |
   Spider Nest |     86 |     86 |      0 |      0 |      0 |   1 |   86.0 |
    Slime Pits |    380 |    360 |     20 |    142 |     85 |   2 |  190.0 |
  Orcish Mines |   2462 |   2273 |    189 |    222 |   1357 |   2 | 1231.0 |
   Elven Halls |   1094 |   1094 |      0 |    499 |    186 |   3 |  364.7 |
      Gauntlet |    547 |    547 |      0 |    128 |    161 |   1 |  547.0 |
               +--------+--------+--------+--------+--------+-----+--------+

Top non-repeatable levels by time:
     D:9: 1740 daAuts
 Swamp:2: 1647 daAuts
  Lair:5: 1516 daAuts
     D:7: 1444 daAuts
  Lair:2: 1426 daAuts
 Swamp:3: 1340 daAuts
  Lair:4: 1328 daAuts
   Orc:1: 1312 daAuts
 Swamp:1: 1236 daAuts
     D:8: 1231 daAuts
   Orc:2: 1150 daAuts
     D:4: 1122 daAuts
     D:6: 1111 daAuts
     D:3: 1037 daAuts
  Lair:1: 984 daAuts
